 Dungeon Crawl Stone Soup version 0.29-a0-1027-gcd8c55af63 (webtiles) character file.

Game seed: 8727051339738334501

130 Zeldest the Sneak (level 5, -3/42 HPs)
             Began as a Naga Summoner on Aug 14, 2022.
             Slain by Edmund
             ... wielding a +2 flail of protection
              (14 damage)
             ... on level 5 of the Dungeon.
             The game lasted 00:09:20 (1291 turns).

Zeldest the Sneak (Naga Summoner)                   Turns: 1291, Time: 00:09:20

Health: -3/42      AC:  2    Str: 10    XL:     5   Next: 14%
Magic:  3/9        EV: 10    Int: 18    God:
Gold:   202        SH:  0    Dex: 11    Spells: 4/10 levels left

rFire   . . .      SeeInvis +   p - +2 dagger (venom)
rCold   . . .      Faith    .   (no shield)
rNeg    . . .      Spirit   .   a - +0 robe
rPois   +          Reflect  .   (no helmet)
rElec   .          Harm     .   (no cloak)
rCorr   .          Rampage  .   (no gloves)
Will    .....                   (no barding)
Stlth   +++.......              (no amulet)
HPRegen 0.14/turn               (no ring)
MPRegen 0.11/turn               (no ring)

@: very slow
A: AC +1, large, see invisible, deformed body, poison resistance, slowness 2,
spit poison 1, naga tail 1
a: Spit Poison


You were on level 5 of the Dungeon.
You visited 1 branch of the dungeon, and saw 5 of its levels.

You collected 202 gold pieces.

Inventory:

Hand Weapons
 c - a +2 mace of holy wrath
 p - a +2 dagger of venom (weapon)
Armour
 a - a +0 robe (worn)
Scrolls
 d - 2 scrolls of fog {unknown}
 e - a scroll of poison {unknown}
 f - a scroll of enchant armour {unknown}
 g - a scroll of fear {unknown}
 h - a scroll of enchant weapon {unknown}
 k - 2 scrolls of teleportation
 l - a scroll of vulnerability {unknown}
 n - a scroll of brand weapon {unknown}
Potions
 b - a potion of flight {unknown}
 i - 2 potions of magic
 j - a potion of attraction
 m - a potion of heal wounds {unknown}
 q - 2 potions of curing
 r - a potion of brilliance
 s - a potion of lignification {unknown}


   Skills:
 + Level 2.4 Dodging
 + Level 4.6 Stealth
 + Level 3.0 Spellcasting
 + Level 4.6 Summonings


You had 4 spell levels left.
You knew the following spells:

 Your Spells              Type           Power      Damage    Failure   Level
a - Call Imp              Summ           19%        N/A       3%          2
b - Summon Small Mammal   Summ           76%        N/A       2%          1
c - Call Canine Familiar  Summ           19%        N/A       8%          3

Your spell library contained the following spells:

 Spells                   Type           Power      Damage    Failure   Level
 Magic Dart               Conj           8%         1d3       16%         1
 Summon Guardian Golem    Hex/Summ       11%        N/A       19%         3
 Ensorcelled Hibernation  Hex/Ice        4%         N/A       24%         2
 Passwall                 Tmut/Erth      1%         N/A       24%         2
 Searing Ray              Conj           4%         2d4       24%         2
 Gell's Gravitas          Tloc           2%         N/A       43%         3
 Lesser Beckoning         Tloc           2%         N/A       43%         3
 Swiftness                Air            2%         N/A       43%         3
 Teleport Other           Tloc           2%         N/A       43%         3
 Summon Lightning Spire   Summ/Air       11%        N/A       54%         4
 Fulminant Prism          Conj/Hex       1%         3d6       85%         4


Dungeon Overview and Level Annotations

Branches:
Dungeon (5/15)
 Temple: D:4-7

Altars:
Gozag
Makhleb
Wu Jian
Xom

Annotations:
D:5 Edmund


Innate Abilities, Weirdness & Mutations

Your serpentine skin is tough. (AC +1)
You have supernaturally acute eyesight. (SInv)
Armour fits poorly on your strangely shaped body.
Your system is resistant to poisons. (rPois)
You cover ground very slowly.
You can spit poison.
You have a snake-like lower body.


Message History

Here: Edmund, wielding a +2 flail of protection and wearing a +0 chain mail The floor.
Aiming: Spit Poison (1% risk of failure)
Press: ? - help, Shift-Dir - straight line, f - Edmund
Aim: Edmund, wielding a +2 flail of protection and wearing a +0 chain mail (70% to hit)
The splash of poison misses Edmund.
Casting: Call Canine Familiar (dangerous; 8% risk of failure)
Confirm with . or Enter, or press ? or * to list all spells.
A worm comes into view.
Casting: Call Canine Familiar (dangerous; 8% risk of failure)
Confirm with . or Enter, or press ? or * to list all spells.
A shadowy apparition takes form in the air.
Edmund hits you with a +2 flail of protection.
Casting: Call Imp (safe; 3% risk of failure)
Confirm with . or Enter, or press ? or * to list all spells.
Your hound barely misses Edmund.
Edmund hits you with a +2 flail of protection!
Your hound bites Edmund.
You hit Edmund.
Edmund is poisoned.
Edmund is lightly wounded.
Your hound barely misses Edmund.
Edmund barely misses you.
Your bat completely misses Edmund.
Your shadow imp hits Edmund but does no damage.
You hit Edmund.
Edmund looks as sick as possible!
Edmund is lightly wounded.
You have got your breath back.
Your bat hits Edmund but does no damage.
Your hound bites Edmund but does no damage. x2
Your shadow imp hits Edmund but does no damage.
Edmund hits you with a +2 flail of protection!
Edmund attacks as you move away!
Edmund hits you with a +2 flail of protection!
* * * LOW HITPOINT WARNING * * *
Your bat hits Edmund but does no damage.
Your hound bites Edmund.
Your bat hits Edmund.
Your hound barely misses Edmund.
Your shadow imp barely misses Edmund.
Edmund attacks as you move away!
Edmund hits you with a +2 flail of protection!
You die...

...........#
...........#
...........#
.....(.....#
...........#
...........#
...........+
.......@b..#
.......@...#
....w.h5...#
..........!#
..........!#
...........#
...........+
...........#
.........$..


You could see Edmund (extremely poisoned, ally target), a worm, a friendly hound
(summoned), a friendly shadow imp (summoned) and a friendly bat (summoned).

Vanquished Creatures
  An adder (D:3)
  A dart slug (D:1)
  5 ball pythons
  An endoplasm (D:2)
  A giant cockroach (D:1)
  3 goblins
  3 hobgoblins
  A jackal (D:3)
  3 quokkas
  A bat (D:3)
  A frilled lizard (D:1)
  2 kobolds
  3 rats
26 creatures vanquished.

Vanquished Creatures (collateral kills)
  An orc wizard (D:3)
  An adder (D:3)
  A worm (D:2)
  A dart slug (D:2)
  3 orcs
  3 bats
  4 endoplasms
  2 giant cockroaches (D:1)
  5 goblins
  3 hobgoblins
  2 jackals (D:3)
  4 kobolds
  5 quokkas
  5 ball pythons
  A frilled lizard (D:1)
  4 rats
45 creatures vanquished.

Vanquished Creatures (others)
  A fungus (D:1)
  A plant (D:1)
  3 withered plants (D:1)
5 creatures vanquished.

Grand Total: 76 creatures vanquished

Notes
Turn   | Place    | Note
-------+----------+-------------------------------------------
     0 | D:1      | Zeldest the Naga Summoner began the quest for the Orb.
     0 | D:1      | Reached XP level 1. HP: 15/15 MP: 3/3
    47 | D:1      | Reached XP level 2. HP: 7/22 MP: 3/5
    50 | D:1      | Learned a level 2 spell: Call Imp
   192 | D:1      | Reached XP level 3. HP: 9/28 MP: 3/6
   196 | D:1      | Learned a level 3 spell: Call Canine Familiar
   257 | D:1      | Found a faded altar of an unknown god.
   706 | D:3      | Reached XP level 4. HP: 36/36 MP: 1/7
   846 | D:3      | Found an ornate altar of the Wu Jian Council.
  1070 | D:3      | Found a shimmering altar of Xom.
  1078 | D:3      | Reached XP level 5. HP: 42/42 MP: 3/9
  1130 | D:4      | Found a burning altar of Makhleb.
  1203 | D:4      | Found an opulent altar of Gozag.
  1282 | D:5      | Entered Level 5 of the Dungeon
  1282 | D:5      | Noticed Edmund
  1291 | D:5      | Slain by Edmund

Illustrated notes

Levels and vault maps discovered:
D:1:      wander_arrival_abandoned_jail, layout_rooms, serial_rivers,
          chequers_serial_rivers_large_b, chequers_serial_rivers_small_b,
          chequers_serial_rivers_micro_c, chequers_serial_rivers_marsh,
          chequers_serial_rivers_room_a, chequers_serial_rivers_micro_d,
          shapermc_ecumenical_altar_gd
D:2:      layout_basic
D:3:      layout_basic, nicolae_overflow_crystal_walls,
          nicolae_overflow_hidden_temple
D:4:      layout_gridville, amcnicky_altar_gilded, bloody_makhleb
D:5:      layout_gridville, water_boxes_lemuel, uniq_edmund, uniq_ijyb

Skill      XL: |  1  2  3  4  5 |
---------------+----------------+-----
Dodging        | 2 |  2.4
Stealth        | 4 |  4.6
Spellcasting   | 3 |  3.0
Summonings     | |  4.6

Action                   |  1- 3 |  4- 6 || total
-------------------------+-------+-------++-------
Melee: Mace              |    26 |     8 ||    34
       Dagger            |       |    23 ||    23
 Cast: Summon Small Mamm |    16 |     2 ||    18
       Call Imp          |     5 |     3 ||     8
       Call Canine Famil |    11 |    12 ||    23
 Abil: Spit Poison       |     4 |     1 ||     5
  Use: Potion            |     1 |       ||     1
       Scroll            |       |     6 ||     6
 Stab: Sleeping          |     2 |     3 ||     5
Armor: Robe              |     8 |     6 ||    14
Dodge: Dodged            |    30 |    26 ||    56

Table legend: (Time is in decaauts)
 A = Elapsed time spent in this place.
 B = Non-inter-level travel time spent in this place.
 C = Inter-level travel time spent in this place.
 D = Time resting spent in this place.
 E = Time spent auto-exploring this place.
 F = Levels seen in this place.
 G = Mean time per level.
                   A        B        C        D        E       F      G
               +--------+--------+--------+--------+--------+-----+--------+
         Total |   1745 |   1645 |    100 |      0 |      0 |   5 |  349.0 |
       Dungeon |   1745 |   1645 |    100 |      0 |      0 |   5 |  349.0 |
               +--------+--------+--------+--------+--------+-----+--------+

Top non-repeatable levels by time:
     D:3: 564 daAuts
     D:2: 490 daAuts
     D:1: 465 daAuts
     D:4: 215 daAuts
     D:5: 9 daAuts
